AoeStats
← Vaerso

Arabia

509653644Analyzed
1v1 RM · 5d ago on Sep 27, 2026· 41m 39s· 2 players
Game mode
Random Map
Map size
Tiny (2 player)
Population
200
Speed
Normal
Resources
Standard
Victory
Conquest
Starting age
Dark Age
Ending age
Imperial Age
RankedLock teamsTeams togetherTeam positionsShared explorationLock speedFull tech treeHidden civsTurbo modeCheats
Victory
Defeat
🇫🇷 Wei · France
1066
+15
🇺🇸 Britons · United States
1052
-15
orsogato
10:34 Feudal Age
11:07 Horse Collar
11:03 Man-at-Arms
13:34 Arson
17:13 Loom
18:46 Double-Bit Axe
18:56 Gold Mining
21:32 Castle Age
20:28 Forging
21:20 Scale Barding Armor
21:53 Scale Mail Armor
22:35 Husbandry
22:48 Heavy Plow
24:07 Bow Saw
25:58 Wheelbarrow
25:35 Town Watch
25:30 Pikeman
30:52 Hand Cart
33:41 Gold Shaft Mining
32:59 Stone Mining
36:20 Fletching
36:42 Long Swordsman
37:41 Squires
Vaerso
3:12 Loom
10:47 Feudal Age
11:45 Double-Bit Axe
18:41 Horse Collar
22:19 Castle Age
20:33 Fletching
22:00 Forging
22:35 Bloodlines
22:34 Gold Mining
23:10 Scale Barding Armor
25:52 Wheelbarrow
28:26 Padded Archer Armor
29:03 Heavy Plow
30:04 Husbandry
30:44 Pikeman
32:03 Scale Mail Armor
34:10 Iron Casting
34:24 Bodkin Arrow
37:28 Chain Mail Armor
37:29 Leather Archer Armor
37:41 Devotion
39:09 Bow Saw
38:49 Town Watch
39:24 Hand Cart
39:32 Ballistics
40:23 Gold Shaft Mining
Connection lost

Rejoining the realm…

Still unreachable

The connection could not be restored.

Session expired

The server has moved on; the page needs a fresh start.